AoeStats
← Fireworks

Arena

507805303Analyzed
4v4 RM · 14d ago on Sep 19, 2026· 63m 21s· 8 players
Game mode
Random Map
Map size
Large (8 player)
Population
200
Speed
Normal
Resources
Standard
Victory
Conquest
Starting age
Dark Age
Ending age
Imperial Age
RankedLock teamsTeams togetherTeam positionsShared explorationLock speedFull tech treeHidden civsTurbo modeCheats
Victory
Defeat
🇩🇪 Poles · Germany
1485
+16
🇩🇪 Malay · Germany
1432
+18
🇨🇴 Mongols · Colombia
1425
+18
🇹🇷 Khmer · Türkiye
1393
+20
🇨🇳 Armenians · China
1552
-21
🇨🇳 Poles · China
1503
-19
🇨🇳 Cumans · China
1478
-18
🇨🇳 Hindustanis · China
1386
-14
Espresso
10:39 Feudal Age
14:19 Castle Age
12:46 Double-Bit Axe
12:54 Double-Bit Axe
12:55 Horse Collar
15:03 Heavy Plow
15:14 Bow Saw
23:35 Wheelbarrow
25:12 Loom
25:13 Town Watch
28:29 Imperial Age
26:08 Scale Barding Armor
26:39 Hand Cart
26:26 Stone Mining
27:16 Chain Barding Armor
26:48 Gold Mining
27:50 Scale Mail Armor
27:15 Pikeman
27:56 Squires
28:20 Szlachta Privileges
28:28 Bloodlines
28:18 Husbandry
28:48 Forging
29:21 Chain Mail Armor
29:36 Conscription
28:57 Cavalier
30:54 Iron Casting
31:26 Fortified Wall
32:17 Plate Mail Armor
35:08 Blast Furnace
35:03 Crop Rotation
37:50 Light Cavalry
38:55 Lechitic Legacy
39:11 Winged Hussar
43:09 Stone Shaft Mining
46:45 Fletching
48:11 Murder Holes
48:21 Siege Engineers
53:23 Ballistics
54:03 Chemistry
53:18 Masonry
52:49 Treadmill Crane
55:45 Bodkin Arrow
56:13 Ballistics
56:54 Chemistry
62:04 Hoardings
61:30 Bracer
Bzm_JöNTüRK
10:05 Feudal Age
12:49 Castle Age
10:59 Double-Bit Axe
12:02 Horse Collar
24:22 Bow Saw
24:41 Loom
27:59 Imperial Age
26:08 Wheelbarrow
25:21 Town Watch
25:50 Stone Mining
26:40 Heavy Plow
29:03 Ballistics
30:12 Double Crossbow
30:33 Conscription
29:50 Elite Ballista Elephant
32:32 Husbandry
32:42 Bloodlines
34:11 Chemistry
38:05 Pikeman
39:57 Light Cavalry
41:19 Scale Barding Armor
41:25 Forging
41:12 Hussar
44:06 Chain Barding Armor
45:47 Halberdier
47:04 Iron Casting
47:05 Plate Barding Armor
46:30 Scale Mail Armor
46:25 Fletching
46:24 Arson
57:42 Blast Furnace
58:04 Hand Cart
sebas0995932
7:25 Loom
9:20 Feudal Age
13:34 Castle Age
12:35 Double-Bit Axe
18:22 Horse Collar
21:04 Bow Saw
24:58 Wheelbarrow
24:43 Stone Mining
26:30 Town Watch
27:45 Heavy Plow
31:09 Imperial Age
30:21 Fletching
30:32 Padded Archer Armor
30:56 Ballistics
30:46 Masonry
30:56 Ballistics
30:46 Masonry
30:31 Murder Holes
31:14 Bodkin Arrow
31:26 Husbandry
31:36 Bloodlines
32:35 Bracer
32:50 Leather Archer Armor
32:50 Thumb Ring
33:22 Parthian Tactics
34:48 Elite Mangudai
36:25 Scale Barding Armor
36:31 Forging
37:05 Heavy Camel Rider
39:23 Chain Barding Armor
45:39 Light Cavalry
47:54 Elite Steppe Lancer
50:56 Iron Casting
52:52 Capped Ram
54:48 Blast Furnace
56:27 Drill
55:44 Siege Ram
60:46 Light Cavalry
62:10 Hussar
EL_SCHMIDT
10:45 Feudal Age
14:24 Castle Age
14:43 Loom
14:47 Double-Bit Axe
25:03 Wheelbarrow
26:29 Horse Collar
26:30 Pikeman
28:30 Forging
30:19 Iron Casting
30:59 Hand Cart
32:00 Fletching
32:50 Bow Saw
33:44 Squires
34:22 Town Watch
37:31 Imperial Age
35:33 Arson
36:04 Bodkin Arrow
35:36 Crossbowman
36:22 Thumb Ring
36:18 Gold Mining
37:52 Halberdier
39:18 Conscription
39:06 Arbalester
40:54 Ballistics
40:57 Masonry
43:22 Bracer
49:12 Elite Skirmisher
57:45 Padded Archer Armor
06老玩家回归
8:05 Feudal Age
8:37 Double-Bit Axe
15:30 Horse Collar
20:14 Wheelbarrow
22:03 Castle Age
21:29 Stone Mining
23:15 Bow Saw
23:06 Heavy Plow
22:59 Gold Mining
23:30 Hand Cart
27:15 Imperial Age
24:38 Loom
25:41 Gold Shaft Mining
26:01 Scale Barding Armor
26:06 Forging
27:14 Bloodlines
28:41 Chain Barding Armor
28:07 Cavalier
30:00 Capped Ram
31:46 Plate Barding Armor
31:55 Paladin
34:48 Conscription
38:38 Town Watch
40:06 Onager
41:37 Siege Onager
45:14 Light Cavalry
52:30 Scale Mail Armor
53:06 Iron Casting
53:00 Fletching
59:52 Bodkin Arrow
63:37 Ballistics
赶脚的柠檬头
11:33 Feudal Age
15:23 Castle Age
13:25 Double-Bit Axe
13:45 Horse Collar
16:14 Heavy Plow
17:01 Bow Saw
24:49 Imperial Age
23:34 Szlachta Privileges
24:19 Scale Barding Armor
25:43 Scale Mail Armor
25:57 Forging
26:14 Husbandry
26:25 Bloodlines
26:34 Gold Mining
26:30 Cavalier
28:28 Wheelbarrow
27:40 Loom
27:41 Town Watch
29:50 Hand Cart
30:31 Chain Barding Armor
30:22 Forging
30:17 Capped Ram
32:49 Iron Casting
35:26 Blast Furnace
40:03 Stone Mining
43:06 Stone Shaft Mining
44:46 Crop Rotation
43:52 Siege Ram
47:16 Light Cavalry
50:05 Winged Hussar
51:49 Conscription
57:24 Caravan
Fireworks
8:37 Feudal Age
8:44 Man-at-Arms
10:26 Long Swordsman
11:43 Arson
15:46 Loom
26:43 Wheelbarrow
25:55 Double-Bit Axe
30:01 Horse Collar
32:50 Castle Age
32:58 Stone Mining
37:06 Castle Age
35:43 Gold Mining
41:37 Imperial Age
39:35 Bow Saw
39:30 Heavy Plow
40:11 Gold Shaft Mining
39:57 Hand Cart
40:17 Scale Mail Armor
40:27 Forging
39:38 Pikeman
40:19 Squires
40:04 Gambesons
40:20 Halberdier
40:48 Gambesons
41:21 Chain Mail Armor
44:08 Plate Mail Armor
59:59 Iron Casting
93老玩家回归
10:08 Feudal Age
14:02 Castle Age
12:23 Double-Bit Axe
13:10 Horse Collar
20:31 Loom
23:11 Wheelbarrow
28:05 Imperial Age
25:31 Gold Mining
26:03 Bow Saw
26:56 Scale Barding Armor
27:01 Forging
27:34 Gold Shaft Mining
27:46 Hand Cart
27:17 Town Watch
27:52 Stone Mining
28:15 Heavy Camel Rider
28:55 Husbandry
29:06 Bloodlines
30:11 Chemistry
29:40 Padded Archer Armor
30:02 Chain Barding Armor
30:18 Iron Casting
29:33 Fletching
31:05 Leather Archer Armor
33:52 Conscription
33:32 Grand Trunk Road
33:33 Bodkin Arrow
33:51 Shatagni
34:10 Imperial Camel Rider
37:18 Ring Archer Armor
37:23 Plate Barding Armor
37:48 Blast Furnace
36:49 Bracer
46:45 Hoardings
54:01 Light Cavalry
56:31 Hussar
57:56 Fortified Wall
57:57 Masonry
59:35 Siege Engineers
59:52 Ballistics
Connection lost

Rejoining the realm…

Still unreachable

The connection could not be restored.

Session expired

The server has moved on; the page needs a fresh start.